 Dungeon Crawl Stone Soup version 0.27.0-1-g7a089689b8 (webtiles) character file.

Game seed: 6251966365632748487

739 Sabo the Spear-Bearer (level 7, -3/53 HPs)
             Began as a Merfolk Gladiator on Aug 11, 2021.
             Was a Believer of Makhleb.
             Slain by a gnoll (8 damage)
             ... on level 5 of the Dungeon.
             The game lasted 00:19:14 (4740 turns).

Sabo the Spear-Bearer (Merfolk Gladiator)           Turns: 4740, Time: 00:19:15

Health: -3/53      AC:  6    Str: 16    XL:     7   Next: 75%
Magic:  7/7        EV: 13    Int:  8    God:    Makhleb [**....]
Gold:   143        SH:  5    Dex: 15    Spells: 6/6 levels left

rFire    . . .     SeeInvis .   a - +0 trident
rCold    . . .     Faith    .   (no shield)
rNeg     . . .     Spirit   .   p - +0 ring mail
rPois    .         Reflect  +   c - +0 helmet
rElec    .         Harm     .   (no cloak)
rCorr    .         Rampage  .   (no gloves)
Will     .....                  (no boots)
Stlth    +.........             k - amulet of reflection
HPRegen  0.17/turn              (no ring)
MPRegen  0.10/turn              (no ring)

@: no status effects
A: (nimble swimmer 2), mertail
a: Renounce Religion, Minor Destruction


You were on level 5 of the Dungeon.
You worshipped Makhleb.
Makhleb was pleased with you.
You visited 1 branch of the dungeon, and saw 5 of its levels.

You collected 143 gold pieces.

Inventory:

Hand Weapons
 a - a +0 trident (weapon)
 l - a +0 hunting sling
 n - a +0 dagger of venom
Missiles
 d - 3 throwing nets (quivered)
 f - 8 atropa-tipped darts
 h - 50 arrows
 i - 3 poisoned darts
 j - 39 bolts
Armour
 c - a +0 helmet (worn)
 p - a +0 ring mail (worn)
Jewellery
 k - an amulet of reflection (around neck)
Scrolls
 b - a scroll of teleportation
 q - a scroll of blinking {unknown}
 r - a scroll of amnesia {unknown}
Potions
 e - 3 potions of curing {unknown}
 g - 2 potions of lignification {unknown}
 m - a potion of degeneration {unknown}
 o - a potion of heal wounds {unknown}


   Skills:
 + Level 3.6 Fighting
 + Level 8.5 Polearms
 + Level 2.2 Throwing
 + Level 2.9 Armour
 + Level 5.6 Dodging
 + Level 0.6 Stealth
 + Level 1.7 Shields
 + Level 1.2 Invocations


You had 6 spell levels left.
You didn't know any spells.
Your spell library was empty.

Dungeon Overview and Level Annotations

Branches:
Dungeon (5/15)             Temple (0/1) D:4

Altars:
Makhleb
Uskayaw
Yredelemnul

Shops:
D:3 [


Innate Abilities, Weirdness & Mutations

((You are quick and stealthy near water. (Stealth+, EV+, Speed+++)))
Your lower body shifts to a powerful aquatic tail in water.


Message History

The gnoll shouts!
You hit something. Makhleb accepts your kill.
You feel better.
Reactivating autopickup.
You feel a bit more experienced.
You hear a shout!
A gnoll comes into view. It is wielding a +0 flail.
You hear a shout!
You puncture the orc priest!
The orc priest is heavily wounded.
The orc priest hits you with a +2 vorpal hand axe.
You barely miss the orc priest.
The orc priest is heavily wounded.
The orc priest invokes the aid of Beogh against you.
Beogh smites you!
A gnoll comes into view.
It is wielding a +2 whip of electrocution.
You hit the orc priest.
The orc priest is almost dead.
The orc priest hits you with a +2 vorpal hand axe!
You closely miss the orc priest.
The orc priest is almost dead.
A gnoll comes into view. It is wielding a +0 spear.
The orc priest hits you with a +2 vorpal hand axe.
A gnoll comes into view. It is wielding a +0 halberd.
You barely miss the orc priest.
The orc priest is almost dead.
The gnoll shouts!
The orc priest hits you with a +2 vorpal hand axe!
* * * LOW HITPOINT WARNING * * *
x2 You puncture the orc priest!
You kill the orc priest!
Makhleb accepts your kill.
Your Invocations skill increases to level 1!
You barely miss the gnoll. The gnoll hits you but does no damage.
You closely miss the gnoll. The gnoll misses you.
A gnoll comes into view. It is wielding a +0 spear.
You barely miss the gnoll. You block the gnoll's attack.
You barely miss the gnoll. The gnoll hits you with a +0 club!
You die...

#..<.........#
############.#
#<# ##.## .
#######...# #.
#......)..# ..
. #.#####...#
.#<.. #.#
#######g.....
#.#
#..@ggg....
#.#
##.###g..##.
#.######.#.#
.##
#.......###..
# ########.#
#..# #.# ..#
.# ... # ###


You could see 5 gnolls.

Vanquished Creatures
  Sigmund (D:4)
  2 ogres
  A water moccasin zombie (D:3)
  2 hounds
  An orc priest (D:5)
  2 centaur skeletons
  A bullfrog skeleton (D:5)
  An orc wizard (D:5)
  A hound skeleton (D:4)
  A howler monkey skeleton (D:4)
  3 gnolls (D:4)
  4 adders
  An ufetubus (D:5)
  An adder zombie (D:3)
  An adder skeleton (D:4)
  A dart slug (D:3)
  2 orcs
  8 ball pythons
  5 endoplasms
  4 giant cockroaches
  6 hobgoblins
  3 jackals (D:3)
  3 quokkas
  7 bats
  3 frilled lizards (D:1)
  4 goblins
  A jackal zombie (D:3)
  10 kobolds
  8 rats
88 creatures vanquished.

Notes
Turn   | Place    | Note
-------+----------+-------------------------------------------
     0 | D:1      | Sabo the Merfolk Gladiator began the quest for the Orb.
     0 | D:1      | Reached XP level 1. HP: 16/16 MP: 1/1
   381 | D:1      | Reached XP level 2. HP: 22/22 MP: 2/2
   623 | D:1      | Found a faded altar of an unknown god.
   714 | D:1      | Became a worshipper of Makhleb the Destroyer
   714 | D:1      | Reached * piety under Makhleb
   867 | D:1      | Reached XP level 3. HP: 21/27 MP: 3/3
  1201 | D:2      | Reached skill level 5 in Polearms
  1347 | D:2      | Reached skill level 1 in Armour
  1347 | D:2      | Reached XP level 4. HP: 29/34 MP: 4/4
  2299 | D:3      | Reached ** piety under Makhleb
  2480 | D:3      | Reached skill level 6 in Polearms
  2480 | D:3      | Reached XP level 5. HP: 36/39 MP: 5/5
  2503 | D:3      | Found a basalt altar of Yredelemnul.
  2667 | D:3      | Reached skill level 5 in Dodging
  2864 | D:3      | Found Vevuco's Armour Shop.
  3265 | D:4      | Reached XP level 6. HP: 46/46 MP: 6/6
  3297 | D:4      | Found a staircase to the Ecumenical Temple.
  3450 | D:4      | Noticed Sigmund
  3462 | D:4      | Killed Sigmund
  3463 | D:4      | Reached skill level 7 in Polearms
  3463 | D:4      | Reached skill level 1 in Shields
  3713 | D:4      | Found a hide-covered altar of Uskayaw.
  4126 | D:4      | Reached XP level 7. HP: 48/52 MP: 7/7
  4644 | D:5      | Entered Level 5 of the Dungeon
  4652 | D:5      | Reached skill level 8 in Polearms
  4737 | D:5      | Reached skill level 1 in Invocations
  4740 | D:5      | Slain by a gnoll

Illustrated notes

Levels and vault maps discovered:
D:1:      amcnicky_arrival_flooded_fountain, layout_rooms,
          chequers_ecumenical_altar_island, minmay_close_crescents
D:2:      layout_basic
D:3:      layout_basic, nicolae_yredelemnul_corpse_copse, serial_shops,
          nicolae_shop_behind_doors, chequers_serial_rivers_micro_d
D:4:      layout_basic, nicolae_uskayaw_dance_hall,
          minmay_temple_entry_mini_moons, uniq_sigmund
D:5:      layout_loops_ring

Skill      XL: |  1  2  3  4  5  6  7 |
---------------+----------------------+-----
Polearms       | 5 6 7 8 |  8.5
Armour         | 1 2 |  2.9
Dodging        | 5 |  5.6
Fighting       | 3 |  3.6
Shields        | 1 |  1.7
Invocations    | 1 |  1.2
Throwing       | |  2.2
Stealth        | |  0.6

Action                   |  1- 3 |  4- 6 |  7- 9 || total
-------------------------+-------+-------+-------++-------
Melee: Trident           |   114 |   195 |    70 ||   379
       Tailslap          |     1 |       |       ||     1
Invok: Minor Destruction |       |       |     2 ||     2
  Use: Scroll            |       |     2 |       ||     2
 Stab: Sleeping          |     1 |       |       ||     1
Armor: Leather armour    |    35 |    15 |       ||    50
       Ring mail         |       |    46 |    17 ||    63
Dodge: Dodged            |   113 |   115 |    26 ||   254
Block: Other             |     6 |    52 |     8 ||    66
